 Dungeon Crawl Stone Soup version 0.30.1-11-g7821555f0a (webtiles) character file.

Game seed: 8997218477649413820

460 Dordric the Chopper (level 7, 0/57 HPs)
             Began as a Hill Orc Fighter on Oct 30, 2023.
             Slain by an ogre
             ... wielding a +0 giant club
              (8 damage)
             ... on level 5 of the Dungeon.
             The game lasted 00:05:45 (3332 turns).

Dordric the Chopper (Hill Orc Fighter)              Turns: 3332, Time: 00:05:45

Health: 0/57       AC: 13    Str: 21    XL:     7   Next: 7%
Magic:  11/11      EV:  7    Int:  8    God:
Gold:   163        SH:  4    Dex: 10    Spells: 6/6 levels left

rFire   . . .        a - +0 war axe
rCold   . . .        c - +0 buckler
rNeg    . . .        e - +0 chain mail
rPois   .            h - +1 helmet
rElec   .            (no cloak)
rCorr   +            u - +0 pair of gloves
SInv    .            i - +0 pair of boots
Will    .....        (no amulet)
Stlth   x              - ring of resist corrosion
HPRegen 0.29/turn    (no ring)
MPRegen 0.12/turn

%: no passive effects
@: no status effects
A: no striking features
a: no special abilities


You were on level 5 of the Dungeon.
You visited 1 branch of the dungeon, and saw 5 of its levels.

You collected 163 gold pieces.

Inventory:

Hand Weapons
 a - a +0 war axe (weapon)
Armour
 c - a +0 buckler (worn)
 e - a +0 chain mail (worn)
 h - a +1 helmet (worn)
 i - a +0 pair of boots (worn)
 u - a +0 pair of gloves (worn)
Jewellery
 x - a ring of resist corrosion (left hand)
Wands
 r - a wand of flame (10)
 w - a wand of paralysis (3)
Scrolls
 b - a scroll of enchant weapon {unknown}
 f - 7 scrolls of identify {unknown}
 j - 3 scrolls of magic mapping {unknown}
 l - a scroll of vulnerability {unknown}
 p - a scroll of fog {unknown}
 s - a scroll of teleportation {unknown}
Potions
 d - a potion of might
 g - 2 potions of invisibility {unknown}
 k - a potion of heal wounds {unknown}
 m - 2 potions of degeneration {unknown}
 n - 3 potions of curing {unknown}
 o - a potion of magic {unknown}
 q - 2 potions of flight {unknown}
 t - 2 potions of attraction {unknown}
 v - 3 potions of lignification {unknown}
 z - a potion of ambrosia {unknown}


   Skills:
 - Level 3.6 Fighting
 + Level 7.1 Axes
 - Level 3.2 Armour
 - Level 3.2 Shields
 + Level 6.4 Invocations


You had 6 spell levels left.
You didn't know any spells.
Your spell library contained the following spells:

 Spells                   Type           Power      Damage    Failure   Level
 Magic Dart               Conj           0%         1d3       98%         1
 Slow                     Hex            0%         N/A       98%         1
 Searing Ray              Conj           0%         2d4       99%         2
 Sublimation of Blood     Necr           0%         N/A       99%         2
 Confusing Touch          Hex            0%         N/A       100%        3
 Dazzling Flash           Conj/Hex       0%         N/A       100%        3
 Summon Guardian Golem    Hex/Summ       0%         N/A       100%        3
 Vampiric Draining        Necr           0%         2d6       100%        3
 Fulminant Prism          Conj/Hex       0%         3d5       100%        4
 Petrify                  Tmut/Erth      0%         N/A       100%        4
 Agony                    Necr           0%         N/A       100%        5
 Irradiate                Conj/Tmut      0%         3d11      100%        5
 Silence                  Hex/Air        0%         N/A       100%        5
 Orb of Destruction       Conj           0%         9d5       100%        7
 Spellforged Servitor     Conj/Summ      0%         N/A       100%        7


Dungeon Overview and Level Annotations

Branches:
Dungeon (5/15)
 Temple: D:4-7

Altars:
Ashenzari
Nemelex Xobeh

Shops:
D:1 ?   D:2 (


Message History

No target in view!
No target in view!
HP restored.
You see here a hound corpse.
As you open the door, it creaks loudly!
There is an open door here.
You see here a hound corpse.
You open the door.
There is an open door here.
Found a stone staircase leading down.
An ogre comes into view. It is wielding a +0 giant club.
The ogre shouts!
An ogre is nearby!
You barely miss the ogre.
The ogre hits you with a +0 giant club!!
You barely miss the ogre. The ogre barely misses you.
You slash the ogre!
The ogre is heavily wounded.
The ogre hits you with a +0 giant club!!
* * * LOW HITPOINT WARNING * * *
You are too injured to fight recklessly!
You are too injured to fight recklessly!
You are too injured to fight recklessly!
You are too injured to fight recklessly!
You are too injured to fight recklessly!
You are too injured to fight recklessly!
You are too injured to fight recklessly!
You are too injured to fight recklessly!
You are too injured to fight recklessly!
You are too injured to fight recklessly!
An ogre is nearby!
You barely miss the ogre.
The ogre is heavily wounded.
You slash the ogre!
The ogre is almost dead.
The ogre barely misses you.
You closely miss the ogre.
The ogre is almost dead.
The ogre hits you with a +0 giant club!
You die...

#.....>#.#####.
#....###.# .##
#..#####.### ..#
#..# #.....####.#
#.##..##.##..##.#
#.#.# ##+####.#.#
.. ..........#
##+######.#
......O@.#
#+####.### ..#
..## #.# #


You could see an ogre.

Vanquished Creatures
  4 scorpions
  A hound (D:5)
  Ijyb (D:3)
  Terence (D:2)
  Robin (D:2)
  4 adders
  A worm (D:2)
  2 dart slugs
  An orc (D:3)
  6 ball pythons
  7 endoplasms
  3 giant cockroaches
  16 goblins
  12 hobgoblins
  5 kobolds
  A quokka (D:1)
  14 bats
  3 frilled lizards
  2 rats
85 creatures vanquished.

Notes
Turn   | Place    | Note
-------+----------+-------------------------------------------
     0 | D:1      | Dordric the Hill Orc Fighter began the quest for the Orb.
     0 | D:1      | Reached XP level 1. HP: 19/19 MP: 1/1
    55 | D:1      | Found a faded altar of an unknown god.
    64 | D:1      | Reached skill level 3 in Axes
    64 | D:1      | Reached skill level 1 in Invocations
   117 | D:1      | Reached XP level 2. HP: 26/26 MP: 1/3
   324 | D:1      | Found The Oracle's Delphic Readings.
   580 | D:1      | Reached XP level 3. HP: 31/31 MP: 4/4
   789 | D:2      | Found Wirhueg's Weapon Boutique.
   937 | D:2      | Reached skill level 4 in Axes
  1011 | D:2      | Noticed Robin
  1023 | D:2      | Killed Robin
  1024 | D:2      | Reached XP level 4. HP: 25/39 MP: 6/6
  1087 | D:2      | Noticed Terence
  1103 | D:2      | Killed Terence
  1800 | D:3      | Noticed Ijyb
  1816 | D:3      | Killed Ijyb
  1817 | D:3      | Reached skill level 5 in Axes
  1817 | D:3      | Reached XP level 5. HP: 36/45 MP: 8/8
  1920 | D:3      | Found a sparkling altar of Nemelex Xobeh.
  2342 | D:4      | Found a broken altar of Ashenzari.
  2525 | D:4      | Reached skill level 5 in Invocations
  2582 | D:4      | Reached XP level 6. HP: 51/51 MP: 9/9
  2685 | D:4      | Reached skill level 6 in Axes
  2774 | D:4      | Found the +11 Singing Sword {sonic wave}
  3126 | D:5      | Entered Level 5 of the Dungeon
  3200 | D:5      | Reached XP level 7. HP: 57/57 MP: 11/11
  3229 | D:5      | Reached skill level 7 in Axes
  3332 | D:5      | Slain by an ogre

Illustrated notes

Levels and vault maps discovered:
D:1:      ebering_hopf_link, layout_basic, dreamdust_ecumenical_altar_statues,
          nicolae_nh_oracle_at_delphi
D:2:      layout_rooms, serial_shops, nicolae_shop_real_fake_doors,
          uniq_terence, uniq_robin
D:3:      layout_basic, mainiacjoe_overflow_paths, bh_walls_and_bars, uniq_ijyb
D:4:      old_forge, layout_basic, overflow_temple_1_default,
          grunt_ministairs_8, solitary_fountain,
          amcnicky_mini_rare_corridor_liquid
D:5:      layout_basic, nicolae_elemental_shop, interstate_on_off

Skill      XL: |  1  2  3  4  5  6  7 |
---------------+----------------------+-----
Axes           | 3 4 5 6 7 |  7.1
Invocations    | 1 2 3 4 5 6 |  6.4
Fighting       | |  3.6
Armour         | |  3.2
Shields        | |  3.2

Action                     |  1- 3 |  4- 6 |  7- 9 || total
---------------------------+-------+-------+-------++-------
  Melee: War axe           |    95 |   136 |     8 ||   239
 Armour: Chain mail        |    80 |    78 |     2 ||   160
         Scale mail        |     1 |       |       ||     1
  Dodge: Dodged            |    45 |    46 |     2 ||    93
  Block: Buckler           |    35 |    38 |       ||    73
